 Dungeon Crawl Stone Soup version 0.28-b1-25-g9875b3fc8c (webtiles) character file.

Game seed: 13503023457082363473

164 lordive the Caller (level 5, -2/28 HPs)
             Began as a Tengu Summoner on Jan 31, 2022.
             Shot with an arrow by a centaur (8 damage)
             ... on level 3 of the Dungeon.
             The game lasted 00:06:29 (3797 turns).

lordive the Caller (Tengu Summoner)                 Turns: 3797, Time: 00:06:30

Health: -2/28      AC:  2    Str:  9    XL:     5   Next: 45%
Magic:  0/10       EV: 15    Int: 17    God:
Gold:   149        SH:  0    Dex: 14    Spells: 4/10 levels left

rFire   . . .      SeeInvis .   (no weapon)
rCold   . . .      Faith    .   (no shield)
rNeg    . . .      Spirit   .   a - +0 robe
rPois   .          Reflect  .   (helmet restricted)
rElec   .          Harm     .   (no cloak)
rCorr   .          Rampage  .   (no gloves)
Will    .....                   (boots unavailable)
Stlth   ++........              (no amulet)
HPRegen 0.09/turn               (no ring)
MPRegen 0.12/turn               (no ring)

@: flying quickly and evasively, quick
A: beak, talons 3, nimble flight
a: no special abilities


You were on level 3 of the Dungeon.
You visited 1 branch of the dungeon, and saw 3 of its levels.

You collected 149 gold pieces.

Inventory:

Armour
 a - a +0 robe (worn)
Wands
 l - a wand of polymorph (5)
Scrolls
 b - 2 scrolls of teleportation {unknown}
 c - a scroll of fear {unknown}
 d - a scroll of identify {unknown}
 e - a scroll of immolation {unknown}
 g - a scroll of enchant weapon {unknown}
 h - a scroll of magic mapping {unknown}
 i - a scroll of summoning {unknown}
Potions
 f - a potion of brilliance {unknown}
 j - a potion of heal wounds {unknown}
 k - a potion of mutation {unknown}


   Skills:
 + Level 2.4 Dodging
 - Level 2.0 Stealth
 + Level 3.2 Spellcasting
 * Level 7.0 Summonings


You had 4 spell levels left.
You knew the following spells:

 Your Spells              Type           Power      Damage    Failure   Level
a - Summon Small Mammal   Summ           100%       N/A       1%          1
b - Call Imp              Summ           26%        N/A       1%          2
c - Call Canine Familiar  Summ           26%        N/A       3%          3

Your spell library contained the following spells:

 Spells                   Type           Power      Damage    Failure   Level
 Summon Guardian Golem    Hex/Summ       14%        N/A       12%         3
 Sandblast                Erth           4%         2d4       17%         1
 Passwall                 Tmut/Erth      1%         N/A       26%         2
 Summon Lightning Spire   Summ/Air       14%        N/A       38%         4
 Stone Arrow              Conj/Erth      4%         3d7       45%         3


Dungeon Overview and Level Annotations

Branches:
Dungeon (3/15)

Altars:
Ashenzari
Hepliaklqana
Ru
Wu Jian
Xom
Zin


Innate Abilities, Weirdness & Mutations

You have a beak for a mouth.
You have claws for feet.
Your magical nature lets you fly swiftly and evasively.


Message History

Your bat closely misses the goblin.
Your bat barely misses the goblin. x2
The goblin closely misses your bat.
Unknown command.
You swap places.
Your bat misses the goblin.
Your bat closely misses the goblin.
The goblin barely misses your bat.
Your crimson imp blinks!
The goblin hits your bat with a +0 dagger.
Your bat hits the goblin.
The goblin dies!
Your Summonings skill increases to level 7!
Unknown command.
Your bat hits the centaur but does no damage.
The centaur barely misses your bat. The centaur closely misses your bat.
The hobgoblin completely misses your bat.
Casting: Summon Small Mammal (safe; 1% risk of failure)
Confirm with . or Enter, or press ? or * to list all spells.
Your bat closely misses the hobgoblin.
The centaur misses your bat. The centaur kicks your bat.
Your bat dies!
Your bat's corpse disappears in a puff of smoke!
The hobgoblin closely misses your crimson imp.
The centaur completely misses your crimson imp.
The centaur closely misses your crimson imp.
What are your orders? t - Shout!
Orders for allies: a - Attack new target. p - Attack previous target. r - Retreat! s - Stop attacking. g - Guard the area. f - Follow me.
Anything else - Cancel.
Gang up on whom?
Press: ? - help, Dir - move target, f/p - centaur
Aim: a centaur, quivering arrows (lightly wounded, ally target) Attack!
The centaur barely misses your crimson imp.
The centaur misses your crimson imp.
Your crimson imp hits the centaur.
The hobgoblin closely misses your crimson imp.
The centaur wields a +0 shortbow.
The centaur shoots an arrow.
The arrow barely misses your crimson imp.
The arrow barely misses your bat. The arrow hits you!
You die...

......# #.##.....## #.......#
......# #.###)##<..# #........
......# #.# #.# #..##........
.....## ###.###.# #.##w.......
....## ##.......# #....†......
########.......## ##......g.$
..##.......)..)#######gw.†......
..##.####>.....#....b5c#..§..._.
.....###.......h@#######..b5g...
..h#...........### #._..⌠.._
.....####......# #.!......
..#### ######## ##._..._. ..#
....... ..# #...... ###


You could see a centaur (ally target), a dart slug, a hobgoblin, a friendly
hound (summoned), a friendly crimson imp (summoned) and a friendly bat
(summoned).

Vanquished Creatures (collateral kills)
  Natasha (thrice) (D:2)
  An adder (D:2)
  2 dart slugs (D:1)
  An orc (D:3)
  6 ball pythons
  6 endoplasms
  3 giant cockroaches
  13 goblins
  10 hobgoblins
  6 jackals (D:1)
  2 kobolds
  A quokka (D:1)
  2 bats
  9 rats
65 creatures vanquished.

Notes
Turn   | Place    | Note
-------+----------+-------------------------------------------
     0 | D:1      | lordive the Tengu Summoner began the quest for the Orb.
     0 | D:1      | Reached XP level 1. HP: 10/10 MP: 4/4
    84 | D:1      | Reached skill level 5 in Summonings
   338 | D:1      | Reached XP level 2. HP: 15/15 MP: 3/6
   717 | D:1      | Learned a level 2 spell: Call Imp
  1005 | D:1      | Reached XP level 3. HP: 18/19 MP: 3/7
  1261 | D:1      | Found a faded altar of an unknown god.
  1731 | D:2      | Noticed Natasha
  2018 | D:1      | Learned a level 3 spell: Call Canine Familiar
  2024 | D:2      | Killed Natasha
  2025 | D:2      | Reached skill level 6 in Summonings
  2025 | D:2      | Reached XP level 4. HP: 2/24 MP: 0/9
  2217 | D:2      | Noticed Natasha
  2224 | D:2      | Killed Natasha
  2413 | D:2      | HP: 1/24 [poisoned by a goblin]
  2693 | D:2      | Noticed Natasha
  2708 | D:2      | Killed Natasha
  2772 | D:2      | Gained mutation: Your magical nature lets you fly swiftly
                  | and evasively. [Tengu growth]
  2772 | D:2      | Reached XP level 5. HP: 28/28 MP: 10/10
  3729 | D:3      | Found a broken altar of Ashenzari.
  3730 | D:3      | Found a shimmering altar of Xom.
  3730 | D:3      | Found a hazy altar of Hepliaklqana.
  3730 | D:3      | Found a sacrificial altar of Ru.
  3730 | D:3      | Found a glowing silver altar of Zin.
  3777 | D:3      | Found an ornate altar of the Wu Jian Council.
  3777 | D:3      | Noticed a centaur
  3794 | D:3      | Reached skill level 7 in Summonings
  3797 | D:3      | Shot with an arrow by a centaur

Illustrated notes

Levels and vault maps discovered:
D:1:      evilmike_arrival_plus, layout_basic, shapermc_ecumenical_altar_venn
D:2:      cheibrodos_greedy_goblins, layout_loops_ring, minmay_split_cup_large,
          uniq_natasha
D:3:      layout_rooms, grunt_temple_overflow_open

Skill      XL: |  1  2  3  4  5 |
---------------+----------------+-----
Summonings     | 5 6 7 |  7.0
Spellcasting   | 3 |  3.2
Dodging        | |  2.4
Stealth        | |  2.0

Action                   |  1- 3 |  4- 6 || total
-------------------------+-------+-------++-------
 Cast: Summon Small Mamm |    49 |    18 ||    67
       Call Imp          |    13 |     9 ||    22
       Call Canine Famil |     1 |    13 ||    14
Armor: Robe              |    13 |     5 ||    18
Dodge: Dodged            |    46 |    21 ||    67
